Map: Old Republic LE

Players

HoldTheDoor

  • Race: Protoss Protoss
  • League: Diamond
  • Spawn Location: 7:00

eLIET - Winner!

  • Race: Terran Terran
  • League: Platinum
  • Spawn Location: 1:00

VOD

Have the link to the VOD?

Description

Time

  • Played on: May 5, 2026, 12:03 p.m.
  • Length: 19:12
Show
View Real Time Build Order
Export as new Build Order

HoldTheDoor Protoss 

Build Orders: 1 Gate Expand, Chargelot Immortal 

Get SALT Encoding   

  12  0:00  Probe  
  13  0:12  Probe  
  14  0:17  Pylon  
  14  0:24  Probe  
  15  0:32  Probe  
  15  0:38  Gateway  
  15  0:40  Probe  
  16  0:48  Assimilator  
  17  0:50  Probe  
  18  0:58  Pylon  
  18  1:02  Probe  
  19  1:26  Nexus  
  19  1:32  Cybernetics Core  
  19  1:34  Probe  
  20  1:40  Assimilator  
  20  1:46  Probe  
  21  1:58  Pylon, Probe  
  21  2:00  Warp Gate  
  22  2:13  Probe  
  23  2:16  Adept  
  23  2:18  Shield Battery  
  25  2:25  Probe  
  26  2:34  Pylon  
  26  2:38  Probe x2  
  28  2:45  Robotics Facility  
  28  2:50  Sentry, Probe  
  31  2:54  Probe  
  32  3:00  Shield Battery  
  32  3:12  Probe  
  33  3:13  Probe  
  34  3:25  Probe  
  35  3:27  Probe  
  35  3:32  Immortal  
  40  3:36  Twilight Council  
  40  3:41  Gateway  
  40  3:44  Gateway  
  40  3:45  Probe  
  41  3:55  Stalker  
  43  4:03  Charge  
  43  4:10  Probe  
  43  4:13  Pylon  
  43  4:16  Immortal, Probe  
  49  4:22  Probe  
  49  4:35  Probe  
  50  4:39  Shield Battery, Probe  
  51  4:52  Stalker x3  
  57  4:59  Pylon  
  57  5:01  Pylon  
  57  5:07  Pylon  
  57  5:10  Gateway  
  57  5:11  Probe x2  
  57  5:12  Gateway  
  59  5:14  Pylon  
  59  5:18  Assimilator  
  59  5:21  Immortal  
  63  5:23  Probe  
  64  5:29  Forge  
  64  5:33  Gateway  
  64  5:35  Gateway  
  64  5:37  Probe  
  64  5:42  Assimilator, Probe  
  66  5:44  Sentry  
  66  5:48  Zealot  
  70  5:51  Zealot  
  70  5:56  Blink  
  70  5:57  Probe  
  73  6:00  Probe, Observer  
  73  6:16  Probe  
  74  6:22  Stalker  
  76  6:43  Probe x2  
  78  6:48  Photon Cannon  
  78  6:52  Photon Cannon  
  78  6:53  Pylon  
  78  7:00  Photon Cannon  
  78  7:06  Probe  
  79  7:14  Probe  
  80  7:16  Stalker x5  
  80  7:18  Sentry  
  80  7:20  Pylon  
  80  7:21  Zealot  
  80  7:22  Probe  
  95  7:37  Nexus  
  95  7:46  Probe x2, Protoss Ground Weapons Level 1  
  97  7:58  Probe x2  
  99  8:00  Zealot x3  
  99  8:01  Zealot x2  
  109  8:07  Pylon  
  109  8:12  Stargate  
  109  8:22  Robotics Bay  
  109  8:25  Pylon  
  109  8:29  Pylon  
  109  8:30  Immortal  
  109  8:32  Pylon  
  113  8:35  Pylon  
  113  8:36  Probe  
  114  8:43  Pylon  
  114  8:52  Stargate  
  114  8:53  Stargate  
  114  8:57  Stargate  
  114  9:06  Probe  
  114  9:07  Probe x2  
  114  9:09  Void Ray  
  121  9:10  Assimilator  
  121  9:14  Assimilator  
  121  9:17  Photon Cannon  
  121  9:18  Probe  
  122  9:28  Photon Cannon  
  122  9:31  Photon Cannon  
  122  9:32  Pylon  
  122  9:35  Probe, Pylon  
  123  9:53  Photon Cannon  
  123  9:58  Photon Cannon  
  123  10:12  Stalker x6  
  123  10:13  Stalker  
  137  10:21  Void Ray  
  145  10:24  Void Ray  
  145  10:27  Protoss Ground Armor Level 1  
  145  10:50  Extended Thermal Lance  
  145  10:54  Probe  
  146  10:59  Probe x2  
  148  11:06  Pylon  
  148  11:13  Probe  
  148  11:15  Zealot x5  
  148  11:16  Zealot x2  
  148  11:18  Photon Cannon  
  163  11:19  Photon Cannon  
  163  11:22  Pylon  
  163  11:26  Gateway  
  163  11:28  Gateway  
  163  11:32  Gateway  
  163  11:34  Gateway  
  163  11:36  Gateway  
  163  11:38  Nexus  
  163  11:42  Pylon  
  163  11:48  Photon Cannon  
  163  11:56  Protoss Air Weapons Level 1  
  163  11:57  Fleet Beacon  
  163  11:59  Photon Cannon  
  163  12:08  Colossus  
  169  12:20  Assimilator  
  169  12:24  Assimilator  
  169  12:28  Photon Cannon  
  169  12:32  Pylon  
  169  12:41  Templar Archives  
  169  12:42  Carrier  
  175  12:50  Carrier  
  181  12:58  Protoss Ground Armor Level 2  
  181  13:06  Carrier  
  187  13:13  Photon Cannon  
  187  13:14  Pylon  
  187  13:19  Pylon  
  187  13:24  Carrier  
  193  13:35  Flux Vanes  
  193  13:38  Psionic Storm  
  193  13:43  High Templar x2  
  193  13:44  High Templar  
  193  13:45  Protoss Air Armor Level 1  
  199  14:03  Photon Cannon  
  199  14:05  Photon Cannon, Shield Battery  
  199  14:07  Pylon, Shield Battery  
  199  14:23  Gateway  
  199  14:24  Gateway  
  199  14:27  Pylon  
  199  14:29  Pylon  
  199  14:32  Pylon  
  173  14:59  Tempest x3  
  185  15:02  Tempest  
  115  15:52  Stalker x5  
  115  15:53  Stalker x9  
  115  15:55  Tempest  
  115  15:56  Protoss Air Weapons Level 2  
  127  16:16  Stalker x5  
  137  16:23  High Templar x2  
  137  16:24  High Templar x3  
  147  16:28  High Templar x2  
  147  16:29  High Templar  
  147  16:31  Archon  
  153  16:33  Archon  
  153  16:39  Tempest  
  157  16:45  High Templar x2  
  161  16:49  Archon  
  161  17:08  Stalker x6  
  167  17:09  Stalker  
  175  17:18  Tempest  
  96  17:55  Tempest x3  
  96  18:04  Zealot x5  
  104  18:18  Void Ray  
  102  18:20  Observer  
  103  18:34  Zealot x2  
  103  18:36  Sentry  
  103  18:37  Sentry  
  115  18:45  Shield Battery  
  115  18:58  Zealot x3  
Show
View Real Time Build Order
Export as new Build Order

eLIET Terran - Winner!

Build Orders:  

Get SALT Encoding   

  12  0:00  SCV  
  13  0:12  SCV  
  14  0:17  Supply Depot  
  14  0:24  SCV  
  15  0:38  SCV  
  16  0:43  Barracks  
  16  0:51  SCV  
  16  0:53  Refinery  
  17  1:02  Supply Depot  
  17  1:05  SCV  
  18  1:22  SCV  
  19  1:38  Command Center  
  19  1:48  Orbital Command  
  19  1:52  Barracks Tech Lab  
  19  2:10  Refinery  
  19  2:11  Marauder  
  19  2:13  Stimpack  
  21  2:22  SCV  
  22  2:34  SCV  
  22  2:35  Marauder  
  25  2:50  Orbital Command, SCV  
  26  3:00  Factory  
  26  3:03  Refinery  
  26  3:05  Marauder  
  28  3:07  SCV  
  28  3:12  Orbital Command  
  29  3:19  SCV  
  30  3:31  Supply Depot  
  30  3:34  Marauder  
  32  3:39  SCV x2  
  34  3:53  Concussive Shells  
  34  3:55  Engineering Bay  
  34  3:59  SCV x2  
  34  4:03  Starport, Factory Reactor  
  32  4:11  SCV x2  
  32  4:12  Factory, Marauder  
  36  4:20  Supply Depot  
  36  4:23  SCV  
  36  4:24  SCV  
  36  4:35  Neosteel Armor  
  36  4:36  SCV  
  36  4:37  Missile Turret  
  37  4:38  Engineering Bay  
  37  4:39  SCV  
  38  4:48  SCV, Factory Tech Lab  
  38  4:50  Marauder  
  38  4:51  SCV  
  40  4:54  Liberator  
  43  5:00  SCV, Liberator  
  43  5:03  SCV  
  48  5:10  Factory Tech Lab, Siege Tank  
  48  5:12  SCV  
  52  5:17  Bunker  
  54  5:21  Marauder  
  54  5:23  SCV  
  54  5:24  SCV  
  56  5:33  Barracks  
  56  5:34  Terran Infantry Weapons Level 1, Barracks  
  56  5:35  SCV  
  56  5:36  SCV  
  56  5:38  Medivac  
  60  5:42  Refinery  
  60  5:54  Armory  
  60  5:55  SCV  
  60  5:56  SCV  
  62  6:07  Command Center  
  62  6:12  SCV x2  
  61  6:21  Barracks Tech Lab  
  61  6:24  SCV  
  62  6:41  SCV, Marauder  
  62  6:43  Terran Vehicle Weapons Level 1  
  62  6:45  Barracks Tech Lab  
  62  6:49  Ghost Academy  
  62  6:50  Terran Infantry Armor Level 1  
  62  6:51  Armory, Combat Shield  
  62  7:03  Drilling Claws  
  62  7:10  Infernal Pre-Igniter  
  62  7:18  Command Center  
  62  7:19  Medivac, SCV x2, Widow Mine x2, Marauder x2  
  62  7:20  Refinery  
  74  7:23  Liberator  
  77  7:37  Planetary Fortress  
  77  7:38  Missile Turret  
  77  7:47  Supply Depot  
  77  7:50  Supply Depot  
  77  7:51  Supply Depot  
  77  7:58  Missile Turret  
  77  8:07  Missile Turret  
  77  8:09  SCV x2, Marauder, Supply Depot  
  77  8:11  Supply Depot  
  81  8:17  Bunker  
  81  8:19  Personal Cloaking  
  81  8:20  Ghost x2  
  81  8:21  SCV x2  
  81  8:24  Hellbat x2  
  91  8:29  SCV  
  91  8:30  Refinery, Marauder  
  91  8:33  SCV x2  
  96  8:37  Orbital Command  
  97  8:41  SCV  
  97  8:44  Missile Turret  
  97  8:45  SCV x2, Hellbat  
  97  8:46  Widow Mine  
  103  8:48  Medivac  
  103  8:49  Marine x2  
  103  8:51  Marine  
  103  8:53  SCV  
  109  8:57  SCV x2, Terran Vehicle Weapons Level 2  
  111  9:03  Terran Ship Weapons Level 1  
  111  9:06  Marine  
  111  9:07  Widow Mine  
  111  9:08  Supply Depot  
  114  9:12  Liberator  
  114  9:16  Marauder x2  
  121  9:20  Supply Depot  
  121  9:25  Marauder  
  121  9:26  Fusion Core  
  121  9:28  Hellbat x2  
  127  9:33  SCV  
  127  9:37  Marauder  
  130  9:45  Nuke  
  130  9:47  Missile Turret  
  130  9:49  Hellbat  
  130  9:50  Ghost  
  130  9:52  Marauder  
  136  9:58  Marauder, Liberator  
  136  9:59  Liberator  
  144  10:00  Supply Depot  
  144  10:06  Starport  
  144  10:08  Orbital Command  
  144  10:13  Marauder  
  146  10:17  Refinery  
  146  10:20  Marauder, Refinery  
  148  10:22  Siege Tank x2  
  152  10:50  Terran Infantry Weapons Level 2, Terran Infantry Armor Level 2  
  152  10:52  Marauder x2  
  156  10:57  Advanced Ballistics  
  156  10:59  Starport Tech Lab  
  156  11:02  Supply Depot  
  156  11:03  Supply Depot  
  156  11:10  Barracks  
  156  11:11  Barracks  
  156  11:13  Terran Vehicle And Ship Armor Level 1  
  156  11:16  Barracks  
  156  11:19  Barracks  
  156  11:24  Marine x3, SCV x4  
  163  11:29  Starport  
  163  11:30  Starport  
  163  11:31  Terran Vehicle Weapons Level 3  
  163  11:34  Hellbat  
  163  11:35  Hellbat, Factory  
  163  11:36  SCV, Factory  
  163  11:39  SCV  
  170  11:40  SCV x2  
  170  11:41  Marine  
  172  11:48  Missile Turret  
  172  11:51  Sensor Tower  
  172  11:56  Supply Depot  
  172  11:57  Supply Depot  
  172  12:00  Nuke  
  172  12:15  Missile Turret  
  172  12:16  Command Center  
  172  12:18  Marine, SCV x3, Hellbat x2  
  172  12:19  Marauder x2  
  184  12:26  Barracks Tech Lab x2  
  184  12:27  Barracks Reactor x2  
  184  12:29  Barracks Reactor  
  184  12:30  Barracks Reactor  
  184  12:32  Command Center  
  184  12:35  Command Center, Marine  
  185  12:39  Marine x2  
  187  12:47  Missile Turret  
  187  12:51  Command Center  
  187  12:57  Marine  
  188  13:00  Missile Turret, Caduceus Reactor  
  188  13:07  Terran Ship Weapons Level 2  
  188  13:10  Smart Servos  
  188  13:11  Mag-Field Accelerator  
  188  13:22  Supply Depot  
  188  13:24  Supply Depot  
  188  13:28  Marine x2, Marauder x3  
  188  13:30  Planetary Fortress  
  196  13:35  Missile Turret  
  196  13:38  Factory Tech Lab  
  196  13:39  Factory Reactor  
  196  13:41  Refinery  
  196  13:42  Starport Reactor x2  
  196  13:44  Raven  
  198  13:57  Refinery  
  198  13:59  Sensor Tower  
  198  14:00  Missile Turret  
  198  14:01  Orbital Command  
  198  14:02  Orbital Command  
  198  14:09  Viking  
  200  14:12  Planetary Fortress  
  200  14:16  Missile Turret  
  200  14:17  Missile Turret  
  200  14:18  Missile Turret  
  200  14:19  Missile Turret  
  200  14:20  Missile Turret x2  
  200  14:21  Missile Turret  
  200  14:33  Terran Vehicle And Ship Armor Level 2  
  200  14:35  Terran Infantry Weapons Level 3, Terran Infantry Armor Level 3  
  189  15:00  Viking  
  189  15:01  Viking x4  
  199  15:14  Command Center x2  
  184  15:29  Viking x2  
  184  15:30  Viking  
  184  15:31  Viking x2  
  184  15:32  Missile Turret  
  179  15:36  Viking x2, Thor x2  
  179  15:37  Thor  
  169  15:59  Viking  
  141  16:12  Viking  
  141  16:13  Viking x5  
  141  16:16  Marine  
  141  16:17  Marine x6  
  152  16:19  Thor x3  
  152  16:25  Nuke  
  168  16:29  Viking  
  170  16:37  Missile Turret  
  170  16:38  Missile Turret  
  170  16:40  Planetary Fortress  
  170  16:42  Viking  
  170  16:43  Viking x3  
  178  17:02  Ghost, Thor  
  178  17:06  Widow Mine  
  178  17:07  Widow Mine  
  188  17:12  Hi-Sec Auto Tracking  
  188  17:28  Widow Mine x2  
  191  17:32  Marine x2  
  162  17:49  Widow Mine  
  162  17:50  Widow Mine  
  142  18:04  Marine x6, Marauder x3  
  142  18:05  Thor x3  
  170  18:11  Command Center  
  170  18:13  SCV  
  170  18:14  SCV  
  172  18:27  Widow Mine x2  
  176  18:28  Viking x3  
  176  18:33  Command Center, Missile Turret  
  182  18:35  Missile Turret  
  182  18:36  Missile Turret  
  182  18:38  Refinery  
  182  18:48  Widow Mine x2  
Tags
 
Add a new tag
Caveats
  • Supply blocks, unpowered buildings, or Contaminate may cause inaccurate times.
  • Supply counts are checked every 10 seconds.